 Dungeon Crawl Stone Soup version 0.22-a0-525-gf69a080 (webtiles) character file.

116 saradell the Slasher (level 5, -6/42 HPs)
             Began as a Merfolk Berserker on June 20, 2018.
             Was a Believer of Trog.
             Killed by divine providence
             ... invoked by an orc priest
              (16 damage)
             ... on level 4 of the Dungeon.
             The game lasted 00:33:01 (3277 turns).

saradell the Slasher (Merfolk Berserker)            Turns: 3277, Time: 00:33:02

Health: -6/42      AC:  2    Str: 18    XL:     5   Next: 1%
Magic:  5/5        EV: 14    Int:  6    God:    Trog [**....]
Gold:   53         SH:  0    Dex: 14    Spells: 4/4 levels left

rFire    . . .     SeeInvis .   a - +0 falchion
rCold    . . .     Gourm    .   (no shield)
rNeg     . . .     Faith    .   b - +0 animal skin
rPois    .         Spirit   .   (no helmet)
rElec    .         Reflect  .   (no cloak)
rCorr    .         Harm     .   (no gloves)
MR       .....                  (no boots)
Stlth    ++........             (no amulet)
HPRegen  0.14/turn              (no ring)
MPRegen  0.09/turn              (no ring)

@: no status effects
A: change form in water, swift swim, stealthy swim
a: Berserk, Trog's Hand, Renounce Religion


You were on level 4 of the Dungeon.
You worshipped Trog.
Trog was pleased with you.
You were not hungry.

You visited 1 branch of the dungeon, and saw 4 of its levels.

You collected 53 gold pieces.

Inventory:

Hand Weapons
 a - a +0 falchion (weapon)
 i - a +1 short sword of distortion
 o - a +0 whip
Missiles
 e - 54 stones (quivered)
 n - 32 sling bullets
Armour
 b - a +0 animal skin (worn)
 d - a +0 pair of gloves
 h - a +0 ring mail
 j - a +0 scale mail
Scrolls
 f - a scroll of identify {unknown}
 g - a scroll of remove curse
 k - a scroll of fear {unknown}
 l - a scroll of immolation {unknown}
 p - a scroll of teleportation {unknown}
 q - a scroll of amnesia
 r - a scroll of blinking {unknown}
 s - a scroll of enchant weapon {unknown}
Potions
 m - a potion of might
Comestibles
 c - 2 rations


   Skills:
 + Level 4.2 Fighting
 + Level 4.8 Long Blades
 + Level 1.5 Armour
 + Level 3.6 Dodging
 + Level 0.6 Stealth


You had 4 spell levels left.
You didn't know any spells.
Your spell library was empty.

Dungeon Overview and Level Annotations

Branches:
Dungeon (4/15)
 Temple: D:4-7

Altars:
Makhleb
Vehumet


Message History

The orc priest mumbles some strange prayers to Beogh against you.
Pain shoots through your body!
You hit the orc priest.
The orc priest is heavily wounded.
The orc priest closely misses you.
You see here 4 bolts.
You see here a tomahawk.
The orc priest calls upon Beogh to heal the orc priest.
The orc priest is healed somewhat.
The orc priest begins to cast a cantrip, but forgets the words!
The orc priest mumbles some strange prayers to Beogh against you.
Beogh smites you!
* * * LOW HITPOINT WARNING * * *
The orc priest calls upon Beogh to heal the orc priest.
The orc priest's wounds heal themselves!
The orc priest begins to cast a cantrip, but forgets the words!
The orc priest looks satisfied for a moment.
The orc priest mumbles some strange prayers to Beogh against you.
Beogh smites you!
You die...

#####..#########
#.o............#
#.###..#######.#
#o# ##.#######.#
#.# #>.....o..#
#.##########.#.#
#.#........#.#.#
#.#.######.#.#o#
#@#.# #.#.#.#
#.#.# #.#.#(#
#.#.# #.#.#.#
#.#.# #.#.#)#
#.#.# #.# #.#
#.#.######.# #..
#..........# ###
#<..########
#####


You could see 2 orc priests.

Vanquished Creatures
  3 adders
  An ooze (D:1)
  2 worms
  5 dart slugs
  5 leopard geckos
  An orc (D:4)
  5 giant cockroaches
  7 goblins
  6 hobgoblins
  3 jackals (D:3)
  A quokka (D:3)
  A ball python (D:2)
  5 bats
  4 frilled lizards (D:1)
  7 kobolds
  8 rats
64 creatures vanquished.

Notes
Turn   | Place    | Note
-------+----------+-------------------------------------------
     0 | D:1      | saradell the Merfolk Berserker began the quest for the Orb.
     0 | D:1      | Reached XP level 1. HP: 18/18 MP: 1/1
    59 | D:1      | Reached XP level 2. HP: 24/24 MP: 2/2
   325 | D:1      | Reached XP level 3. HP: 30/30 MP: 3/3
   552 | D:1      | Reached ** piety under Trog
  1109 | D:2      | Reached XP level 4. HP: 13/37 MP: 4/4
  1639 | D:2      | Found a burning altar of Makhleb.
  1639 | D:2      | Found a radiant altar of Vehumet.
  3251 | D:4      | Reached XP level 5. HP: 29/42 MP: 5/5
  3277 | D:4      | Killed from afar by an orc priest

Vault maps used:
D:1:      elethiomel_arrival_infinity_welcomes_careful_drivers, minmay_distorted
D:2:      gammafunk_temple_overflow_elements

Skill      XL: |  1  2  3 |
---------------+----------+-----
Dodging        | 3 |  3.6
Long Blades    | 4 |  4.8
Fighting       | 4 |  4.2
Armour         | |  1.5
Stealth        | |  0.6

Action                   |  1- 3 |  4- 6 || total
-------------------------+-------+-------++-------
Melee: Falchion          |    80 |   105 ||   185
  Use: Scroll            |       |     2 ||     2
       Potion            |       |     1 ||     1
 Stab: Sleeping          |     1 |     3 ||     4
  Eat: Ration            |       |     2 ||     2
       Chunk             |       |     2 ||     2
Armor: Animal skin       |    17 |     9 ||    26
Dodge: Dodged            |    69 |    80 ||   149
       Rpst.: Falchion   |    21 |    26 ||    47

Table legend:
 A = Spawn XP
 B = Non-spawn XP
 C = Spawn XP percentage of total XP
 D = Spawn monster count
 E = Non-spawn monster count
 F = Spawn count percentage of total count
 G = Total turns spent on level
                    A         B        C        D         E        F      G
               +---------+---------+-------+---------+---------+-------+---------
         Total |       0 |     167 |   0.0 |       0 |      64 |   0.0 |  3277
               +---------+---------+-------+---------+---------+-------+---------
           D:1 |       0 |      48 |   0.0 |       0 |      24 |   0.0 |  1019
           D:2 |       0 |      62 |   0.0 |       0 |      18 |   0.0 |   743
           D:3 |       0 |      54 |   0.0 |       0 |      21 |   0.0 |  1381
           D:4 |       0 |       3 |   0.0 |       0 |       1 |   0.0 |   134
               +---------+---------+-------+---------+---------+-------+---------
